 Dungeon Crawl Stone Soup version 0.23.2 (webtiles) character file.

Game seed: 14091347660326179927

4 Borgoz the Sneak (level 1, 0/14 HPs)
             Began as a Ghoul Enchanter on Apr 4, 2019.
             Slain by a ball python (1 damage)
             ... on level 1 of the Dungeon.
             The game lasted 00:00:46 (85 turns).

Borgoz the Sneak (Ghoul Enchanter)                    Turns: 85, Time: 00:00:47

Health: 0/14       AC:  2    Str:  9 (11) XL:     1   Next: 70%
Magic:  2/2        EV:  9    Int: 12 (15) God:
Gold:   0          SH:  0    Dex:  7 (9)  Spells: 2/3 levels left

rFire    . . .     SeeInvis .   a - +1 dagger
rCold    + . .     Gourm    .   (no shield)
rNeg     + + +     Faith    .   b - +0 robe
rPois    ∞         Spirit   .   (no helmet)
rElec    .         Reflect  .   (no cloak)
rCorr    .         Harm     .   (no gloves)
MR       .....                  (no boots)
Stlth    ++........             (no amulet)
HPRegen  0.00/turn              (no ring)
MPRegen  0.08/turn              (no ring)

@: brilliant, rotting, constricted
A: rotting body, claws 1, carnivore, cold resistance 1, negative energy
resistance 3, inhibited regeneration, torment resistance, unbreathing
a: no special abilities


You were on level 1 of the Dungeon.
You were not hungry.

You visited 1 branch of the dungeon, and saw 1 of its levels.

Inventory:

Hand Weapons
 a - a +1 dagger (weapon)
Armour
 b - a +0 robe (worn)
 h - a +0 pair of gloves
Jewellery
 e - an uncursed ring of stealth {unknown}
Scrolls
 f - a scroll of remove curse {unknown}
 g - a scroll of blinking {unknown}
Potions
 i - a potion of brilliance
Comestibles
 d - a ration


   Skills:
 + Level 0.2 Fighting
 * Level 1.1 Short Blades
 + Level 0.1 Armour
 * Level 1.9 Dodging
 + Level 3.3 Stealth
 - Level 1.7 Spellcasting
 - Level 2.4 Hexes


You had 2 spell levels left.
You knew the following spells:

 Your Spells              Type           Power        Failure   Level  Hunger
a - Corona                Hex            ##.....      1%          1    ##.....

Your spell library contained the following spells:

 Spells                   Type           Power        Failure   Level  Hunger
 Ensorcelled Hibernation  Hex/Ice        ##....       3%          2    ###....
 Confuse                  Hex            ##......     3%          3    ####...
 Tukima's Dance           Hex            ##......     3%          3    ####...
 Dazzling Spray           Conj/Hex       ##....       6%          3    ####...


Dungeon Overview and Level Annotations

Branches:
Dungeon (1/15)

Altars:


Innate Abilities, Weirdness & Mutations

Your body is rotting away.
You thrive on raw meat.
You are immune to poison.
You have sharp fingernails.
You are carnivorous and can eat meat at any time.
Your flesh is cold resistant. (rC+)
You are immune to negative energy. (rN+++)
You do not regenerate when monsters are visible.
You are immune to unholy pain and torment.
You can survive without breathing.


Message History

The ball python constricts you.
You hit the ball python.
The ball python is severely wounded.
The frilled lizard bites you.
* * * LOW HITPOINT WARNING * * *
The ball python closely misses you.
* * * LOW HITPOINT WARNING * * *
The ball python constricts you.
Okay, then.
It was a potion of degeneration.
There was something very wrong with that liquid.
You feel weakened.
You feel dopey.
You feel clumsy.
The ball python bites you but does no damage.
* * * LOW HITPOINT WARNING * * *
The ball python constricts you. The frilled lizard bites you.
* * * LOW HITPOINT WARNING * * *
It was a potion of brilliance.
You feel clever all of a sudden. The ball python barely misses you.
You die...

####### #......
###.#!..## . ....#....
... #..
.......l###..... #.#
#.#.#.@Sl..... #.#
#.#.#.#######.
###.#####.#....#
#..............#
#......##.#....##.#.
#......##...........#
###............##.#.###
............#..# .# #
#####....##.#..##..


You could see a ball python and 2 frilled lizards.

Vanquished Creatures
  A goblin (D:1)
  A kobold (D:1)
  3 bats (D:1)
5 creatures vanquished.

Notes
Turn   | Place    | Note
-------+----------+-------------------------------------------
     0 | D:1      | Borgoz the Ghoul Enchanter began the quest for the Orb.
     0 | D:1      | Reached XP level 1. HP: 14/14 MP: 2/2
    28 | D:1      | Reached skill level 1 in Short Blades
    85 | D:1      | Slain by a ball python

Skill      XL: |  1 |
---------------+----+-----
Short Blades   | 1 |  1.1
Fighting       | |  0.2
Armour         | |  0.1
Dodging        | |  1.9
Stealth        | |  3.3
Spellcasting   | |  1.7
Hexes          | |  2.4

Action                   || total
-------------------------++-------
Melee: Dagger            ||    29
 Cast: Corona            ||     2
  Use: Potion            ||     3
  Eat: Chunk             ||     3
Armor: Robe              ||    18
Dodge: Dodged            ||    26
